[Event "Club Ajedrez Silla 60 Years 2022"]
[Site "Silla"]
[Date "2022.05.10"]
[Round "4.2"]
[White "Krasteva, Beloslava"]
[Black "Ilinca Ilinca, Felix Antonio"]
[Result "1/2-1/2"]
[ECO "A57"]
[WhiteElo "2268"]
[BlackElo "2165"]
[Annotator "TA"]
[PlyCount "120"]
[EventDate "2022.05.09"]
[EventType "tourn"]
[EventCountry "ESP"]
[SourceTitle "playchess.com"]
[Source "ChessBase"]
[SourceQuality "1"]
[TimeControl "5400+30"]

1. d4 Nf6 2. c4 c5 3. d5 b5 4. cxb5 a6 5. b6 e6 6. Nc3 exd5 7. Nxd5 Nxd5 8. Qxd5 Nc6 9. Nf3 Rb8 10. e4 Be7 11. Bc4 O-O 12. Bd2 {[%emt 0:00:24] Inhibits Na5. A57: Benko/Volga Gambit.} Qxb6 {[%emt 0:01:19] [#]} 13. O-O $146 ({Predecessor:} 13. Bc3 Nb4 14. Qd2 Qg6 15. O-O Bb7 16. Ne5 Qxe4 17. f3 Qh4 18. Qxd7 Bc8 19. Qd2 {0-1 (36) Notkin,M (2471)-Ghaem Maghami,E (2558) Playchess.com INT 2004}) 13... Qxb2 14. Rac1 Qb6 15. Ng5 Nd8 16. Qd3 Ne6 {[%emt 0:24:17] Inhibits Bf4.} 17. Nf3 Qc7 18. Bxa6 (18. Bc3 $11) 18... Bxa6 $15 19. Qxa6 Ra8 20. Qc4 Qa7 {[%emt 0:02:28] Prevents a4.} 21. Rc2 Rfc8 22. Rfc1 Qa4 23. Qd5 h6 24. h3 Qc6 25. Qd3 Ra4 26. Ne5 Qxe4 27. Qxd7 Raa8 (27... Rc7 $15 {is more appropriate.} 28. Qe8+ Kh7) 28. Nf3 (28. Qxe7 $11 {keeps the balance.} Qxe5 29. Be3) 28... Bf6 (28... Rc7 $17 29. Qb5 Rb7) 29. Be3 Rc7 (29... Rd8 $5 30. Qb5 Bd4 $15) 30. Qd1 Rac8 31. Rc4 Qa8 32. a4 Qa6 33. Nd2 Rd8 34. Qf3 Rd3 35. Qe4 Rcd7 36. Nf3 R7d5 37. Kh2 (37. Bxc5 $2 Rd1+ 38. Rxd1 Rxd1+ 39. Kh2 Nxc5 40. Rxc5 (40. Qe8+ $2 Kh7 $19) 40... Qd6+ 41. Re5 Bxe5+ 42. Qxe5 Qxe5+ 43. Nxe5 Ra1 $19) (37. Re1 $11) 37... Be7 (37... Bb2 $17 38. R1c2 f5) 38. Ne1 $11 Qd6+ (38... f5 $5 39. Qf3 (39. Qxd3 $2 Rxd3 40. Nxd3 Qd6+ 41. Nf4 g5 $19) 39... Qd6+ 40. Kh1 Rd1 41. Rxd1 Rxd1 $15) 39. g3 f5 40. Qf3 Ra3 {[%emt 0:01:12] [#]} 41. Nc2 ({White should play} 41. Bxc5 $1 $11 Rxf3 42. Bxd6 Rxf2+ 43. Kg1) 41... Rb3 (41... Ng5 $1 $15 42. Qh5 Ra2) 42. Qe2 $2 {[%emt 0:00:32] [#]} (42. a5 $11) 42... Bf6 (42... Bg5 $1 $19 {...f4 is the strong threat.} 43. Bxg5 Nxg5) 43. Ne1 $17 g5 (43... Be5 $17 {And now ...f4 would win.} 44. Ng2 Kh7) 44. Bxc5 $11 {[%emt 0:00:38] The position is equal.} Nxc5 ({Much less strong is} 44... Rxc5 45. Rxc5 Nxc5 46. Qc4+ Kg7 47. Qxc5 Qxc5 48. Rxc5 $16) 45. Rxc5 {[%emt 0:00:26][%mdl 64] Remove Defender} Rxc5 46. Rxc5 Qxc5 47. Qe6+ Kg7 48. Qxb3 {[%emt 0:00:04] Black must now prevent Nd3.} Qxf2+ {[%emt 0:00:05][%mdl 4096] Endgame KQB-KQN} 49. Ng2 f4 50. Qb7+ Kg6 51. Qe4+ Kg7 52. gxf4 gxf4 53. Qxf4 Qc5 {[%emt 0:00:19] Threatens to win with ...Be5.} 54. Qg4+ ({But not} 54. Qg3+ Kh7 $14) 54... Kf7 {[%emt 0:00:33] Strongly threatening ...Be5+.} 55. Nf4 {[%emt 0:02:08] Hoping for Qe6+.} Qf2+ 56. Kh1 {[%emt 0:00:08] White threatens Qg6+ and mate.} Qf1+ 57. Kh2 Qf2+ 58. Kh1 {[%emt 0:00:20] Intending Qe6+ and mate.} Qf1+ 59. Kh2 Qf2+ 60. Kh1 {[%emt 0:00:22] Qe6+ would kill now.} Qf1+ {[%emt 0:00:09] Weighted Error Value: White=0.24 (precise) /Black=0.18 (very precise)} 1/2-1/2

[Event "Club Ajedrez Silla 60 Years 2022"]
[Site "Silla"]
[Date "2022.05.10"]
[Round "4.3"]
[White "Salvador Lopez, Daniel"]
[Black "Petrov, Marian"]
[Result "0-1"]
[ECO "B06"]
[WhiteElo "2134"]
[BlackElo "2456"]
[Annotator "TA"]
[PlyCount "80"]
[EventDate "2022.05.09"]
[EventType "tourn"]
[EventCountry "ESP"]
[SourceTitle "playchess.com"]
[Source "ChessBase"]
[SourceQuality "1"]
[TimeControl "5400+30"]

1. d4 g6 2. e4 Bg7 3. Nc3 d6 4. Nf3 a6 5. a4 Nc6 6. Be2 Bg4 7. Be3 e5 {[%emt 0:02:32] B06: Modern Defence.} 8. dxe5 Bxf3 9. Bxf3 {[%emt 0:00:11] Strongly threatening exd6.} Nxe5 {[%emt 0:00:07] White is slightly better.} 10. Be2 Ne7 11. O-O O-O {[%emt 0:01:47] [#]} 12. Nd5 $146 ({Predecessor:} 12. f4 Nd7 13. Bd4 Nc6 14. Bxg7 Kxg7 15. Qd2 Nf6 16. Rad1 Re8 17. Bf3 Qb8 18. g4 {1-0 (42) Belyakov,B (2495)-Dudin,G (2314) Sochi 2019}) 12... Nxd5 13. Qxd5 Qe7 14. Rad1 Nc6 15. c3 Kh8 16. Bd3 Qd7 17. Bc2 Rae8 18. Bf4 Qe6 19. Bg3 Qxd5 20. Rxd5 f5 21. f3 f4 22. Bf2 Ne5 23. Bb3 h5 24. Rfd1 Kh7 25. Bd4 Nc6 26. Bf2 Bf6 27. R5d2 g5 28. Bd5 g4 29. Bxc6 bxc6 30. Bd4 Be5 31. Kf1 Rg8 32. Ke2 Kh6 33. Bxe5 Rxe5 $11 {[%emt 0:00:06][%mdl 4096] Endgame KRR-KRR} 34. Rd4 Reg5 35. R1d2 h4 36. fxg4 Rxg4 37. Kf3 h3 38. gxh3 Rh4 39. Rf2 (39. R2d3 $11) 39... Rxh3+ $15 40. Kxf4 $2 {[%emt 0:02:56][%mdl 8192] [#]} (40. Ke2 $15) 40... Kh5 $1 {[%emt 0:19:55] Weighted Error Value: White=0.32/Black=0.07 (flawless)} ({Inferior is} 40... Rf8+ 41. Kg4 Rxf2 42. Kxh3 $11) 0-1

[Event "Club Ajedrez Silla 60 Years 2022"]
[Site "Silla"]
[Date "2022.05.11"]
[Round "5.1"]
[White "Petrov, Marian"]
[Black "Kotronias, Vasilios"]
[Result "0-1"]
[ECO "B31"]
[WhiteElo "2456"]
[BlackElo "2465"]
[Annotator "TA"]
[PlyCount "86"]
[EventDate "2022.05.09"]
[EventType "tourn"]
[EventCountry "ESP"]
[SourceTitle "playchess.com"]
[Source "ChessBase"]
[SourceQuality "1"]
[TimeControl "5400+30"]

1. e4 c5 2. Nf3 Nc6 3. Bb5 g6 4. O-O Bg7 5. c3 Nf6 6. Re1 O-O 7. d4 d5 8. e5 Ne4 9. Bxc6 bxc6 10. Be3 {[%emt 0:00:33] is more profitable than 10.Nbd2 at the moment. B31: Sicilian: 2...Nc6 3 Bb5 g6.} Rb8 11. Qc1 cxd4 12. cxd4 {[%emt 0:00:05] The position is equal.} Bf5 13. Nc3 f6 14. exf6 exf6 {[%emt 0:00:05] [#]} 15. Nd2 $146 ({Predecessor:} 15. Bf4 Rc8 16. Na4 g5 17. Be3 Qe8 18. Nd2 Nxd2 19. Bxd2 Qf7 20. Bb4 Rfe8 21. Qc3 {½-½ (59) Vagman,R (2247)-Dubnevych,M (2065) Terme Catez 2022}) 15... Nd6 16. Na4 Rc8 17. Bf4 Nb5 18. Nb3 g5 19. Bd2 Qd7 20. Bb4 (20. Nac5 $5 Qf7 21. Bb4 $11) 20... Rfe8 21. Qd2 Bg6 22. Rac1 h5 23. Nc3 Nd6 24. Nc5 (24. Bxd6 $5 Qxd6 25. Na4 $11) 24... Qf7 {[%emt 0:00:21][%cal Oa7a5] Threatens to win with ...a5!} 25. b3 Nf5 26. Ne2 h4 27. Rcd1 {[%emt 0:09:15] Black keeps a firm grip on the game.} h3 {[%emt 0:03:31] Strongly threatening ...Nh4.} 28. g3 {[%emt 0:00:07] Against Nh4} Bh5 {[%emt 0:00:31] aiming for ...Bxe2.} 29. Qd3 Qg6 {[%emt 0:04:23] Black is more active.} 30. Kf1 (30. Rc1 $17 {was called for.}) 30... Bf8 31. Rd2 (31. a3 {was necessary.}) 31... Bxc5 $19 32. Bxc5 Re4 {[%emt 0:00:06] And now ...Rce8 would win.} 33. Ng1 $2 (33. Nc3 Rxe1+ 34. Kxe1) 33... Rce8 34. Rxe4 dxe4 (34... Rxe4 35. Qc3 $17) 35. Qc4+ Kh7 {[%emt 0:02:08] ...e3 is the strong threat.} 36. d5 e3 $1 37. Rb2 {[%emt 0:01:28] [#]} ({Don't go for} 37. fxe3 $2 Nxg3+ $1 38. hxg3 Qb1+ 39. Kf2 h2) 37... Re4 {[%emt 0:22:49] Inhibits g4.} 38. Qa6 (38. Qc1 exf2 39. Bxf2) 38... Qe8 {[%emt 0:00:26] White must now prevent ...Qe5.} 39. f3 Re5 40. Qxa7+ Bf7 (40... Kg8 $142 41. b4 (41. g4 $2 Rxd5 42. gxf5 Rd1+ 43. Ke2 Rxg1 $19) 41... Rxd5) 41. dxc6 (41. Nxh3 Rxd5 42. Nf2 exf2 43. Re2) 41... Kg6 42. Qb6 Rd5 {[%emt 0:01:33] ( -> ...Qe5)} 43. g4 {[%emt 0:00:47] [#]} Ng3+ $1 {[%emt 0:01:35][%mdl 512] Weighted Error Value: White=0.84/Black=0.19 (very precise)} 0-1

[Event "Club Ajedrez Silla 60 Years 2022"]
[Site "Silla"]
[Date "2022.05.11"]
[Round "5.2"]
[White "Ilinca Ilinca, Felix Antonio"]
[Black "Salvador Lopez, Daniel"]
[Result "0-1"]
[ECO "B19"]
[WhiteElo "2165"]
[BlackElo "2134"]
[Annotator "TA"]
[PlyCount "94"]
[EventDate "2022.05.09"]
[EventType "tourn"]
[EventCountry "ESP"]
[SourceTitle "playchess.com"]
[Source "ChessBase"]
[SourceQuality "1"]
[TimeControl "5400+30"]

1. e4 c6 2. d4 d5 3. Nc3 dxe4 4. Nxe4 Bf5 5. Ng3 Bg6 6. h4 h6 7. Nf3 Nd7 8. h5 Bh7 9. Bd3 Bxd3 10. Qxd3 e6 11. Bf4 Qa5+ 12. Bd2 Qc7 13. O-O-O Ngf6 14. Kb1 O-O-O 15. Ne4 Nxe4 16. Qxe4 Kb8 {[%emt 0:01:54] B19: Classical Caro-Kann: 4...Bf5 main line.} 17. c4 Ka8 18. Bc3 Nf6 {[%emt 0:04:22] White is slightly better.} 19. Qe2 c5 20. d5 exd5 21. Bxf6 gxf6 {[%emt 0:00:06] [#]} 22. Rxd5 $146 ({Predecessor:} 22. cxd5 Bd6 23. Rhe1 Rc8 24. Qc4 Qd7 25. Nd2 b5 26. Qc2 c4 27. Ne4 f5 28. Nxd6 Qxd6 29. Qxf5 {1-0 (38) Szostko,J (2162)-Winiarski,M (2113) Karpacz 2015}) 22... Rxd5 23. cxd5 Bd6 24. Re1 a6 25. Nh4 Be5 26. g4 (26. Rd1 $16) 26... Rd8 $11 27. Qc4 {[%emt 0:00:00] Strongly threatening Nf5.} Bd4 $1 28. Nf5 Qf4 $40 {[%emt 0:09:43][%mdl 128] Black mounts an attack.} 29. d6 {[%emt 0:00:00] [#] And now f3 would win.} (29. Nxd4 cxd4 30. Rd1 Qe4+ 31. Qd3 Qxd5 $15) 29... Qd2 $2 (29... Qxg4 $11 30. Nxd4 Qxd4 31. Qxd4 cxd4) 30. Qe2 $18 Qb4 {[%emt 0:00:36][%cal Od4b2] ...Bxb2! is the strong threat.} 31. Rd1 ({But not} 31. Nxh6 $2 {[#]} Bxb2 $1 32. Qxb2 Qxe1+ 33. Qc1 Qb4+ 34. Qb2 Qe4+ 35. Qc2 Qb4+ 36. Qb2 Qf4 $19) 31... Ka7 32. Rd2 ({Much less strong is} 32. Nxh6 Rxd6 33. a3 (33. Nxf7 $2 Rb6 $19) 33... Qb3 $16) 32... Be5 33. Nxh6 $2 (33. f3 $18) 33... Bf4 $11 34. Rd1 Bxh6 $19 35. Qe7 $2 (35. a3 Qa4 36. Qf3) 35... Qa4 36. Rd3 (36. Qe2 $142 Qf4 37. Qe3) 36... Qc4 (36... Re8 $142 37. a3 Rxe7 38. dxe7 Qe4) 37. Rd1 Qxg4 38. Re1 Qf5+ 39. Ka1 Qd7 40. Qxf6 Qxd6 41. Qf3 {[%emt 0:00:12] Inhibits Qd1+.} Qd5 42. Qe2 Qd2 43. Qf1 Bg7 44. Rb1 Qc2 45. Qc1 Qxf2 46. h6 Bd4 (46... Bf6 $142 47. a3 Rd2 48. h7 Rc2 49. Qf1 Bxb2+ 50. Ka2 Bg7+ 51. Kb3 Rc3+ 52. Ka4 Qc2+ 53. Rb3 Qxb3+ 54. Ka5 Qxa3#) 47. a3 Qe3 {[%emt 0:01:23] Weighted Error Value: White=1.22/Black=0.74} (47... Qf3 $142 48. Qc4 Rh8) 0-1

[Event "Club Ajedrez Silla 60 Years 2022"]
[Site "Silla"]
[Date "2022.05.11"]
[Round "5.3"]
[White "Granero Roca, Antonio"]
[Black "Krasteva, Beloslava"]
[Result "1-0"]
[ECO "A35"]
[WhiteElo "2340"]
[BlackElo "2268"]
[Annotator "TA"]
[PlyCount "61"]
[EventDate "2022.05.09"]
[EventType "tourn"]
[EventCountry "ESP"]
[SourceTitle "playchess.com"]
[Source "ChessBase"]
[SourceQuality "1"]
[TimeControl "5400+30"]

1. Nf3 c5 2. c4 Nc6 3. e3 Nf6 4. Nc3 g6 5. d4 cxd4 6. exd4 d5 7. cxd5 Nxd5 8. Qb3 Nxc3 9. Bc4 Nd5 10. Bxd5 e6 11. Bxc6+ bxc6 12. O-O Qd5 {[%emt 0:01:24] A35: Symmetrical English: 2 Nc3 Nc6 3 Nf3.} 13. Bf4 {[%emt 0:02:40] 13.Qe3 is becoming the main line.} f6 14. Rfc1 g5 {[%emt 0:02:09] The position is equal.} 15. Bg3 {[%emt 0:05:34] [#]} Kf7 $146 (15... Qxb3 $11 16. axb3 g4) ({Predecessor:} 15... h5 16. h4 gxh4 17. Qxd5 cxd5 18. Bxh4 Be7 19. Rc7 Bd8 20. Rc3 Rg8 21. Rac1 Bd7 {0-1 (36) Ruck,R (2579)-Bologan,V (2665) Warsaw 2011}) 16. Rc3 (16. Qxd5 $14 cxd5 17. h4) 16... h5 (16... Qxb3 $1 $11 17. Rxb3 Be7) 17. h4 (17. Qc2 $5 Be7 18. h4 $14 (18. Rxc6 h4 $11)) 17... g4 {[%emt 0:05:05] [#] And now ...Qxb3 would win.} 18. Nd2 Be7 19. Nc4 Rd8 20. Qc2 Kg7 {[%emt 0:02:33] [#] Inhibits Qh7+.} (20... Qf5 $1 $11 {and Black has nothing to worry.}) 21. Ne3 (21. Re1 $1 $18) 21... Qxd4 $16 22. Rd1 $36 {[%emt 0:12:33][%mdl 2048] White has strong initiative. White is more active.} ({Much weaker is} 22. Rxc6 $6 Qd3 $11) 22... Qb4 (22... Qb6 $16) 23. Rxc6 Rxd1+ 24. Qxd1 Kf8 25. Rc7 {[%emt 0:03:52] Black must now prevent a3.} f5 26. a3 Qb6 27. Nc4 Qa6 28. Qd4 {[%emt 0:05:21] Qh8+ would kill now.} e5 29. Bxe5 {[%emt 0:04:43] White wants to mate with Bd6.} Be6 30. Bd6 Bxd6 31. Qf6+ {[%emt 0:00:14] Weighted Error Value: White=0.37/Black=1.19} ({Inferior is} 31. Qxd6+ Qxd6 32. Nxd6 Rd8 $14) 1-0

[Event "Club Ajedrez Silla 60 Years 2022"]
[Site "Silla"]
[Date "2022.05.11"]
[Round "6.1"]
[White "Kotronias, Vasilios"]
[Black "Krasteva, Beloslava"]
[Result "1/2-1/2"]
[ECO "B48"]
[WhiteElo "2465"]
[BlackElo "2268"]
[Annotator "TA"]
[PlyCount "142"]
[EventDate "2022.05.09"]
[EventType "tourn"]
[EventCountry "ESP"]
[SourceTitle "playchess.com"]
[Source "ChessBase"]
[SourceQuality "1"]
[TimeControl "5400+30"]

1. e4 c5 2. Nf3 e6 3. d4 cxd4 4. Nxd4 Nc6 5. Nc3 Qc7 6. Be3 a6 7. g4 {[%emt 0:00:20] B48: Sicilian: Taimanov: 5 Nc3 Qc7 6 Be3 a6 without Be2.} b5 8. Nxc6 Qxc6 9. Qd2 b4 10. Ne2 Qxe4 11. Rg1 {[%emt 0:00:05] Strongly threatening Bg2.} Qc4 12. Nf4 Qc7 13. O-O-O Nf6 14. Nh5 {[%emt 0:01:36] [#]} Nxh5 $146 (14... Qxh2 $2 15. Bg2 Nxg4 16. Bxa8 Nxe3 17. fxe3 (17. Nxg7+ Bxg7 18. fxe3 Qxd2+ 19. Rxd2 Bh6 $11) 17... Qxd2+ 18. Kxd2 $18) ({Predecessor:} 14... Bb7 15. Bf4 Qc6 16. Bg2 d5 17. Nxf6+ gxf6 18. g5 Bg7 19. Qxb4 Rc8 20. Rd2 Qb5 {1-0 (53) Fedoseev,V (2704)-Pichot,A (2625) Europe Echecs INT 2022}) 15. gxh5 Bb7 (15... Qxh2 $2 16. Bg2 Qb8 17. Bf4 $18 (17. Bxa8 Qxa8 18. h6 g6 $16)) 16. Bb6 Qc6 17. Bd4 {[%emt 0:01:48] Threatens to win with h6.} Rg8 $1 18. Kb1 Qd5 19. Rg5 {[%emt 0:14:57][%mdl 1024] White has compensation.} Qc6 {[%emt 0:14:46] [#]} (19... Qd6 $11) 20. Rg3 ({Better is} 20. Bf6 $1 $14) 20... f5 21. Rd3 Qc7 {[%emt 0:13:00] Inhibits Be5.} 22. f4 Bc6 23. Be5 Qc8 24. Bg2 Bxg2 25. Qxg2 Ra7 26. Qd2 d5 (26... a5 $11) 27. c3 (27. Rg3 $14) 27... a5 $11 28. Rc1 Qa6 29. c4 (29. Rg3 $11) 29... dxc4 $17 30. Rd8+ Kf7 31. h6 (31. Qe2 $17 {was called for.}) 31... g6 (31... c3 $19 32. Qd1 g6 33. bxc3 Be7 34. Rxg8 (34. Rd7 $2 Rxd7 35. Qxd7 Rd8 $19) 34... Kxg8) 32. Bd4 $2 (32. Qe2 $17 {keeps fighting.}) 32... Rb7 $19 33. Qe2 {[%emt 0:02:54] Intending Qe5 and mate.} Bxh6 34. Rxg8 Kxg8 35. Be5 Bf8 36. Qxc4 Qxc4 37. Rxc4 {[%emt 0:00:09][%mdl 4096] Endgame KRB-KRB} Bg7 {[%emt 0:02:53] aiming for ...Bxe5.} 38. Rc5 a4 ({But not} 38... Bxe5 $2 39. Rxe5 Rd7 40. Rxa5 $19) 39. Bc7 Kf7 40. b3 axb3 41. axb3 Bc3 42. Kc2 Ra7 43. Kd3 Ra2 44. Kc4 (44. h4 {was necessary.}) 44... Rxh2 45. Bd6 Rd2 46. Rc7+ Ke8 47. Re7+ Kd8 (47... Kf8 $19 48. Rxe6+ Kf7 49. Re7+ Kf6) 48. Kc5 $17 Bd4+ $1 49. Kc6 $2 (49. Kb5) 49... Rc2+ $19 50. Kb5 {[%emt 0:00:16] [#]} Rc3 $2 (50... Bc5 $1 $19 51. Rc7 Bxd6 $1 52. Rxc2 Bxf4) 51. Rxh7 $11 Bf6 (51... Rxb3 $2 52. Kc4 Rb1 53. Kxd4 $16) 52. Rf7 Bh4 53. Kxb4 Rf3 54. Kc4 Bg3 55. Kc5 {[%emt 0:01:05] Black must now prevent Kc6.} Bxf4 56. Bxf4 Rxf4 {[%emt 0:00:05] KR-KR} 57. Kd6 {[%emt 0:00:02] [#]} (57. Rg7 $11) 57... Rd4+ ({Black should play} 57... Ke8 $1 $17 58. Kxe6 Rb4) 58. Kxe6 {[%emt 0:00:05] The position is equal.} Rb4 59. Kf6 Rg4 60. b4 Kc8 61. b5 Kb8 62. b6 f4 63. Ke5 g5 64. Kd6 $1 Rg1 65. Kc6 Rc1+ 66. Kb5 Rb1+ 67. Kc6 Rc1+ 68. Kb5 Rc3 69. Rg7 Rg3 70. Kc6 Rc3+ 71. Kb5 $1 Rg3 {[%emt 0:00:13] White happily takes the draw.  Weighted Error Value: White=0.31/Black=0.20 (precise)} 1/2-1/2

[Event "Club Ajedrez Silla 60 Years 2022"]
[Site "Silla"]
[Date "2022.05.11"]
[Round "6.2"]
[White "Granero Roca, Antonio"]
[Black "Salvador Lopez, Daniel"]
[Result "1-0"]
[ECO "D30"]
[WhiteElo "2340"]
[BlackElo "2134"]
[Annotator "TA"]
[PlyCount "93"]
[EventDate "2022.05.09"]
[EventType "tourn"]
[EventCountry "ESP"]
[SourceTitle "playchess.com"]
[Source "ChessBase"]
[SourceQuality "1"]
[TimeControl "5400+30"]

1. Nf3 Nf6 2. d4 d5 3. c4 c6 4. e3 e6 5. Nbd2 Be7 6. Be2 {[%emt 0:02:08] D30: Queen's Gambit Declined: Systems without Nc3.} Nbd7 7. b3 b6 8. Bb2 {[%emt 0:01:41] The position is equal.} O-O 9. O-O {[%emt 0:01:29] [#]} Ba6 $146 ({Predecessor:} 9... Bb7 10. Rc1 Ne4 11. Rc2 f5 12. Qa1 Rf6 13. cxd5 exd5 14. Rfc1 Rh6 15. Nf1 Qf8 {1-0 (34) Dvalishvili,P (2486)-Nechaeva,M (2226) Moscow 2009}) 10. Rc1 Rc8 11. cxd5 (11. a3 {keeps more tension.} c5 12. cxd5 Bxe2 13. Qxe2 Nxd5 14. Rfd1) 11... Bxe2 12. Qxe2 {[%emt 0:00:06] dxe6 is the strong threat.} cxd5 13. Qa6 Rxc1 14. Rxc1 Qb8 15. a3 Bd6 16. g3 Qa8 17. Ne5 Nb8 {[%emt 0:01:15] Prevents Nc6.} 18. Qa4 Qb7 19. b4 a6 20. Qc2 g6 21. Nc6 Nxc6 22. Qxc6 Qb8 23. Kg2 h5 24. Nf3 Ne4 25. Rc2 f6 {[%emt 0:06:45] [#] Black is now going downhill.} (25... Rd8 $11) 26. Ne1 ({Better is} 26. Ne5 $1 $16 {[%cal Re5d7][%mdl 512] Threatens to win with Nd7.} fxe5 27. dxe5) 26... h4 (26... Rf7 $14) 27. Qd7 $2 ({White should try} 27. gxh4 $18 {Black must now prevent Qd7.} Rf7 28. f3) 27... Ng5 (27... hxg3 $11 28. Qxe6+ Kg7) 28. gxh4 $18 Rd8 29. Qa4 Nf7 30. Qxa6 g5 (30... Kg7 $142 31. h3 Bc7) 31. Rc6 gxh4 32. h3 (32. Rxb6 Qc7 33. Rb7 Qc8 $18) 32... Kh8 33. Rxb6 Rg8+ 34. Kf1 Qf8 35. Nf3 Qg7 {[%emt 0:07:08] And now ...Qg2+ would win.} 36. Rxd6 Qg2+ 37. Ke2 Nxd6 38. Qxd6 Rc8 39. Ne1 {[%emt 0:04:34] Prevents Rc2+.} ({Don't play} 39. Qxe6 Rc2+ 40. Nd2 Rxb2 41. Qxf6+ Kg8 42. Qd8+ Kf7 43. Qxh4 Qg6 44. Qf4+ Kg7 45. Qe5+ Kh7 46. Qc7+ (46. Qxd5 Qc2 $16) 46... Kh6 47. Qf4+ Kg7 48. Qe5+ Kh7 49. Qc7+ (49. Qxd5 Qc2 $16) 49... Kh6 $18) 39... Qxh3 40. Qf4 Kg7 41. b5 {[%emt 0:01:53] Strongly threatening b6.} Qh1 $2 (41... Qf5 42. Qxf5 (42. Qxh4 Qb1 $11) 42... exf5) 42. Qd6 {[%emt 0:02:13] Hoping for Qd7+. White is clearly winning.} Rh8 43. b6 h3 44. b7 h2 45. b8=Q Rxb8 46. Qxb8 Qg1 47. Nf3 {[%emt 0:34:06] Weighted Error Value: White=0.19 (very precise) /Black=0.30} 1-0

[Event "Club Ajedrez Silla 60 Years 2022"]
[Site "Silla"]
[Date "2022.05.11"]
[Round "6.3"]
[White "Ilinca Ilinca, Felix Antonio"]
[Black "Petrov, Marian"]
[Result "0-1"]
[ECO "A42"]
[WhiteElo "2165"]
[BlackElo "2456"]
[Annotator "TA"]
[PlyCount "58"]
[EventDate "2022.05.09"]
[EventType "tourn"]
[EventCountry "ESP"]
[SourceTitle "playchess.com"]
[Source "ChessBase"]
[SourceQuality "1"]
[TimeControl "5400+30"]

1. c4 g6 2. Nc3 Bg7 3. d4 d6 4. e4 e5 5. d5 f5 6. exf5 gxf5 7. Qh5+ Kf8 8. Qd1 {[%emt 0:01:25] A42: Modern Defence: Averbakh Variation.} Na6 {[%emt 0:03:29] [#]} 9. Bd3 $146 ({Predecessor:} 9. Nge2 Nf6 10. Ng3 Qe8 11. Be2 Qg6 {½-½ (11) Gulko,B (2615)-Ehlvest,J (2660) San Roque 1996}) 9... Nc5 10. Bc2 {[%emt 0:01:06] White is slightly better.} Qh4 11. Qe2 Bd7 12. Be3 ({Reject} 12. Nf3 Qg4 $11) 12... a5 13. O-O-O Ne7 14. Nf3 Qf6 15. h4 {[%emt 0:06:29] And now Bxc5 would win.} (15. Bxc5 $5 dxc5 16. Nd2 $11) 15... a4 16. Qd2 (16. Bxc5 $16 {Strongly threatening Ba3.} dxc5 17. a3) 16... a3 $11 17. b3 Na6 {[%emt 0:10:01] [#]} (17... h6 $11 {keeps the balance.}) 18. g3 ({Of course not} 18. Bg5 Qf7 $11) (18. g4 $1 $16) 18... c5 (18... h6 $11) 19. Bg5 ({White should play} 19. dxc6 $1 $14 Bxc6 {[#]} 20. Bg5 $1) 19... Qf7 {[%emt 0:00:14] next ...h6 is good for Black.} 20. Bh6 $1 Nb4 21. Bb1 b5 22. cxb5 Rc8 {[%emt 0:02:22] Threatens to win with ...c4.} 23. Bc2 $2 {[%emt 0:06:05][%mdl 8192] Loses the game.} (23. b6 $11 {and White stays safe.}) 23... e4 $19 {[%emt 0:01:10] ...Qf6 is the strong threat.} 24. Ng1 c4 {[%emt 0:00:30] Really sharp!} 25. Bxg7+ $2 (25. Nge2 Nd3+ 26. Kb1) 25... Qxg7 {[%emt 0:00:44] Black is clearly winning.} 26. Nge2 {[%emt 0:01:53] [#]} Nxa2+ $1 27. Kb1 cxb3 28. Bxb3 Nxc3+ 29. Nxc3 Rxc3 {[%emt 0:00:42] Weighted Error Value: White=0.64/Black=0.22 (precise)} 0-1